 Dungeon Crawl Stone Soup version 0.29-a0-222-g5b244fca1f (webtiles) character file.

Game seed: 845384253615602744

4 NotAphid the Ruffian (level 1, -11/19 HPs)
             Began as a Ghoul Monk on Feb 27, 2022.
             Mangled by a gnoll
             ... wielding a +0 flail
              (13 damage)
             ... on level 1 of the Dungeon.
             The game lasted 00:01:09 (284 turns).

NotAphid the Ruffian (Ghoul Monk)                    Turns: 284, Time: 00:01:10

Health: -11/19     AC:  2    Str: 14    XL:     1   Next: 70%
Magic:  0/0        EV: 12    Int:  5    God:
Gold:   12         SH:  0    Dex: 11    Spells: 0/0 levels left

rFire   . . .      SeeInvis .     - Unarmed
rCold   + . .      Faith    .   (no shield)
rNeg    + + +      Spirit   .   a - +0 robe
rPois   ∞          Reflect  .   (no helmet)
rElec   .          Harm     .   (no cloak)
rCorr   .          Rampage  .   (no gloves)
Will    .....                   (no boots)
Stlth   ++........              (no amulet)
HPRegen 0.00/turn               (no ring)
MPRegen 0.07/turn               (no ring)

@: inhibited regen
A: claws 1, cold resistance 1, negative energy resistance 3, inhibited
regeneration, torment resistance 2
a: no special abilities


You were on level 1 of the Dungeon.
You visited 1 branch of the dungeon, and saw 1 of its levels.

You collected 12 gold pieces.

Inventory:

Armour
 a - a +0 robe (worn)


   Skills:
 + Level 3.3 Fighting
 + Level 2.8 Dodging
 + Level 2.2 Stealth
 + Level 3.3 Unarmed Combat


You couldn't memorise any spells.
You didn't know any spells.
Your spell library was empty.

Dungeon Overview and Level Annotations

Branches:
Dungeon (1/15)

Altars:


Innate Abilities, Weirdness & Mutations

You thrive by killing the living.
You are immune to poison.
You have sharp fingernails.
Your flesh is cold resistant. (rC+)
You are immune to negative energy. (rN+++)
You do not regenerate when monsters are visible.
You are immune to unholy pain and torment.


Message History

The endoplasm is severely wounded.
The endoplasm hits you.
You scratch the endoplasm. You claw the endoplasm.
You kill the endoplasm!
No target in view!
No target in view!
HP restored.
Found a robe.
No target in view!
A gnoll comes into view. It is wielding a +0 flail.
Found 18 gold pieces and a viscous green potion.
The gnoll shouts!
You scratch the gnoll.
The gnoll is moderately wounded.
The gnoll barely misses you.
You barely miss the gnoll.
The gnoll is moderately wounded.
The gnoll hits you with a +0 flail!
Ouch! That really hurt!
You are too injured to fight recklessly!
You are too injured to fight recklessly!
You are too injured to fight recklessly!
You aren't carrying any items that you can evoke.
Unknown command.
You aren't carrying any potions.
Unknown command.
You aren't carrying any scrolls.
Unknown command.
You closely miss the gnoll.
The gnoll is moderately wounded.
The gnoll barely misses you.
You closely miss the gnoll. You claw the gnoll.
The gnoll is heavily wounded.
The gnoll hits you with a +0 flail.
* * * LOW HITPOINT WARNING * * *
You scratch the gnoll.
The gnoll is severely wounded.
The gnoll hits you with a +0 flail!
Ouch! That really hurt!
You die...

≈≈≈≈≈..#..$..........
≈...≈≈.#..........##
≈<≈..≈.+...........#
..≈≈.≈.+.....###.#.#
≈≈≈..≈.#... #.#
≈≈..≈≈.#.# #####.#
...≈≈≈.#.###.....#
≈≈≈≈≈.8.........g####
######..........@...#
########.........##.#
#....# #.........# #
+....# #..........#
#....####.........#
......###...........
..###.............##
..##..............#
..##..............


You could see a gnoll.

Vanquished Creatures
  A ball python (D:1)
  An endoplasm (D:1)
  A kobold (D:1)
  2 rats (D:1)
5 creatures vanquished.

Notes
Turn   | Place    | Note
-------+----------+-------------------------------------------
     0 | D:1      | NotAphid the Ghoul Monk began the quest for the Orb.
     0 | D:1      | Reached XP level 1. HP: 19/19 MP: 0/0
   284 | D:1      | Mangled by a gnoll

Illustrated notes

Levels and vault maps discovered:
D:1:      psy_arrival_whirlpool, layout_basic, serial_forest,
          infiniplex_forest_3_way, infiniplex_forest_corner_1,
          infiniplex_forest_clump_long, infiniplex_forest_clump_long,
          infiniplex_forest_clump_C, infiniplex_forest_straight_5,
          infiniplex_forest_clump_double, minmay_tall_x

Action                   || total
-------------------------++-------
Melee: Unarmed           ||    14
       Punch             ||     3
Armor: Robe              ||     1
Dodge: Dodged            ||     4

Table legend: (Time is in decaauts)
 A = Elapsed time spent in this place.
 B = Non-inter-level travel time spent in this place.
 C = Inter-level travel time spent in this place.
 D = Time resting spent in this place.
 E = Time spent auto-exploring this place.
 F = Levels seen in this place.
 G = Mean time per level.
                   A        B        C        D        E       F      G
               +--------+--------+--------+--------+--------+-----+--------+
         Total |    284 |    284 |      0 |      0 |    236 |   1 |  284.0 |
       Dungeon |    284 |    284 |      0 |      0 |    236 |   1 |  284.0 |
               +--------+--------+--------+--------+--------+-----+--------+

Top non-repeatable levels by time:
     D:1: 284 daAuts
